 Dungeon Crawl Stone Soup version 0.31.0 (webtiles) character file.

Game seed: 1922050562029656626

5672 badatdcss the Fighter (level 10, 0/96 HPs)
             Began as a Minotaur Fighter on Jan 19, 2024.
             Was a Believer of the Shining One.
             Killed from afar by an electric eel (10 damage)
             ... with a bolt of electricity
             ... on level 9 of the Dungeon.
             The game lasted 00:18:08 (8290 turns).

badatdcss the Fighter (Minotaur Fighter)            Turns: 8290, Time: 00:18:09

Health: 0/96       AC: 17    Str: 34    XL:     10   Next: 47%
Magic:  18/18      EV:  8    Int:  4    God:    the Shining One [**....]
Gold:   395        SH:  5    Dex: 10    Spells: 9/9 levels left

rFire   . . .        t - +3 great sword (freeze)
rCold   . . .        (shield currently unavailable)
rNeg    + . .        q - +2 plate armour
rPois   .            (helmet restricted)
rElec   .            (no cloak)
rCorr   .            (no gloves)
SInv    .            j - +0 pair of boots
Will    +....        f - amulet of reflection Stlth
                     b - +6 ring of strength
HPRegen 0.36/turn    m - ring of magical power
MPRegen 0.16/turn

%: reflection
@: glowing
A: horns 2, retaliatory headbutt, strong-willed 1, strong 1, wild magic 1
a: Renounce Religion, Divine Shield


You were on level 9 of the Dungeon.
You worshipped the Shining One.
The Shining One was pleased with you.
You visited 2 branches of the dungeon, and saw 10 of its levels.

You collected 395 gold pieces.

Inventory:

Hand Weapons
 o - a +0 heavy trident
 t - a +3 great sword of freezing (weapon)
Armour
 j - a +0 pair of boots (worn)
 q - a +2 plate armour (worn)
Jewellery
 b - a +6 ring of strength (left hand)
 f - an amulet of reflection (around neck)
 m - a ring of magical power (right hand)
 v - an amulet of magic regeneration
Wands
 c - a wand of digging (4)
 e - a wand of mindburst (13)
 u - a wand of flame (8)
Scrolls
 n - a scroll of vulnerability
 w - 2 scrolls of revelation
Potions
 a - 2 potions of heal wounds
 d - 3 potions of might
 g - 4 potions of attraction
 h - 4 potions of curing
 i - a potion of berserk rage {unknown}
 k - a potion of enlightenment {unknown}
 p - a potion of brilliance {unknown}
 s - 2 potions of invisibility {unknown}


   Skills:
 * Level 11.4 Fighting
 * Level 11.1 Polearms
 + Level 8.6 Armour
 + Level 8.7 Shields


You had 9 spell levels left.
You didn't know any spells.
Your spell library contained the following spells:

 Spells                   Type           Power      Damage    Failure   Level
 Summon Small Mammal      Summ           0%         N/A       99%         1
 Blink                    Tloc           0%         N/A       99%         2
 Call Imp                 Summ           0%         N/A       99%         2
 Lesser Beckoning         Tloc           0%         N/A       99%         2
 Mercury Vapours          Alch/Air       0%         N/A       99%         2
 Momentum Strike          Conj/Tloc      0%         3d8       99%         2
 Static Discharge         Conj/Air       0%         3-3/arc   99%         2
 Sublimation of Blood     Necr           0%         N/A       99%         2
 Call Canine Familiar     Summ           0%         N/A       100%        3
 Mephitic Cloud           Conj/Alch/Air  0%         N/A       100%        3
 Stone Arrow              Conj/Erth      0%         3d7       100%        3
 Airstrike                Air            0%         2d(0-16)  100%        4
 Animate Armour           Summ/Erth      0%         N/A       100%        4
 Summon Blazeheart Golem  Fire/Summ      0%         N/A       100%        4
 Summon Lightning Spire   Summ/Air       0%         N/A       100%        4
 Freezing Cloud           Conj/Ice/Air   0%         6-21      100%        5
 Summon Hydra             Summ           0%         N/A       100%        7
 Lehudib's Crystal Spear  Conj/Erth      0%         10d2      100%        8


Dungeon Overview and Level Annotations

Branches:
Dungeon (9/15)             Temple (1/1) D:5
   Lair: D:8-11         Orc: D:9-12

Altars:
Ashenzari
Cheibriados
Dithmenos
Elyvilon
Fedhas
Gozag
Hepliaklqana
Kikubaaqudgha
Makhleb
Nemelex Xobeh
Okawaru
Qazlal
Ru
Sif Muna
Trog
Uskayaw
Vehumet
Wu Jian
Xom
Zin
The Shining One

Shops:
D:5 (   D:6 =

Annotations:
D:4 2 transporters, TheBioAlchemist's ghost, amateur OpSh
D:7 1 runed translucent door, hawla's ghost, novice FeSh


Innate Abilities, Weirdness & Mutations

You have a pair of horns on your head.
You reflexively headbutt those who attack you in melee.
You are strong-willed. (Will+)
Your muscles are strong. (Str +4, Int/Dex -1)
Your spells are a little harder to cast, but a little more powerful.


Message History

You barely miss the orc warrior. You headbutt the orc warrior!
The orc warrior is heavily wounded.
The orc warrior hits you with a +0 battleaxe!
The wight hits you with a +3 scimitar of freezing.
The wight freezes you. The wight barely misses you.
The orc warrior hits you with a +0 battleaxe!
* * * LOW HITPOINT WARNING * * *
The wight barely misses you. The wight hits you but does no damage.
As you read the scroll of teleportation, it crumbles to dust.
You feel strangely unstable.
The orc warrior hits you but does no damage.
You block the wight's attack. The wight completely misses you.
You furiously retaliate!
You headbutt the wight!
You destroy the wight!
The Shining One accepts your kill.
You feel better.
You slice the orc warrior!! You freeze the orc warrior.
You kill the orc warrior!
The wight hits you but does no damage.
The wight hits you with a +3 scimitar of freezing!
* * * LOW HITPOINT WARNING * * *
The wight freezes you.
* * * LOW HITPOINT WARNING * * *
Your life force feels restored.
You hit the wight but do no damage. You headbutt the wight!
You destroy the wight!
The Shining One accepts your kill.
You feel better.
Your surroundings suddenly seem different. 2 electric eels come into view.
Found an escape hatch in the ceiling.
The electric eel shoots out a bolt of lightning at you!
The bolt of electricity hits you!
* * * LOW HITPOINT WARNING * * *
The electric eel shoots out a bolt of lightning at you!
The bolt of electricity hits you.
* * * LOW HITPOINT WARNING * * *
The electric eel shoots out a bolt of lightning at you!
The bolt of electricity hits you!
You die...

#.....~...#
#....ā‰ˆS~..#
#...Sā‰ˆ~~..#
#...~ā‰ˆ....#
#....~~...#
#.........#
#.........#
#.....#
#..@..#
#.....#
#.....#
#.....#
#.<...#
#.....#
#.....#
#######


You could see 2 electric eels.

Vanquished Creatures
  Pikel (D:7)
  Joseph (D:7)
  A troll (D:9)
  4 yaks (D:8)
  A steam dragon (D:8)
  2 ice beasts
  3 orc warriors
  A sky beast (D:6)
  3 ogres
  3 centaurs
  A phantom (D:6)
  3 kobold brigands
  3 scorpions
  11 wights
  19 killer bees
  3 howler monkeys
  7 orc priests
  A bombardier beetle (D:3)
  6 hounds
  A sleepcap (D:6)
  3 gnoll boudas
  3 iguanas
  7 orc wizards
  10 gnolls
  3 adders
  A shadow imp (D:7)
  A white imp (D:8)
  3 ribbon worms (D:3)
  3 dart slugs
  23 orcs
  A ball python (D:3)
  3 endoplasms
  A giant cockroach (D:1)
  3 goblins
  9 hobgoblins
  2 jackals (D:2)
  23 kobolds
  A quokka (D:3)
  4 bats
  3 frilled lizards
  5 rats
187 creatures vanquished.

Notes
Turn   | Place    | Note
-------+----------+-------------------------------------------
     0 | D:1      | badatdcss the Minotaur Fighter began the quest for the Orb.
     0 | D:1      | Reached XP level 1. HP: 19/19 MP: 0/0
   449 | D:1      | Reached XP level 2. HP: 27/27 MP: 1/1
  1391 | D:2      | Reached XP level 3. HP: 33/33 MP: 2/2
  1812 | D:3      | Reached XP level 4. HP: 35/40 MP: 3/3
  2282 | D:4      | Reached XP level 5. HP: 40/47 MP: 4/4
  2505 | D:4      | Noticed TheBioAlchemist's ghost (amateur OpSh)
  2512 | D:4      | Found a transporter.
  2521 | D:4      | Found a transporter.
  2703 | D:4      | Found a glowing silver altar of Zin.
  2911 | D:5      | Entered Level 5 of the Dungeon
  2983 | D:5      | Reached skill level 5 in Shields
  2988 | D:5      | Reached skill level 5 in Fighting
  3135 | D:5      | Reached skill level 5 in Armour
  3135 | D:5      | Reached XP level 6. HP: 56/56 MP: 5/5
  3202 | D:5      | Found a burning altar of Makhleb.
  3289 | D:5      | Noticed an ice beast
  3296 | D:5      | Killed an ice beast
  3297 | D:5      | Reached skill level 5 in Polearms
  3299 | D:5      | Reached XP level 7. HP: 39/63 MP: 6/6
  3627 | D:5      | Found Zuyreh Xomoi's Weapon Boutique.
  3854 | D:5      | Found a staircase to the Ecumenical Temple.
  4369 | Temple   | Entered the Ecumenical Temple
  4394 | Temple   | Became a worshipper of the Shining One
  4651 | D:6      | Reached XP level 8. HP: 73/73 MP: 7/7
  4660 | D:6      | Found a stormy altar of Qazlal.
  4992 | D:6      | Found Wocasatz's Jewellery Emporium.
  5015 | D:6      | Found an ornate altar of the Wu Jian Council.
  5015 | D:6      | Found a radiant altar of Vehumet.
  5016 | D:6      | Found a hazy altar of Hepliaklqana.
  5715 | D:7      | Noticed hawla's ghost (novice FeSh)
  5715 | D:7      | Noticed a +0 quarterstaff of chaos
  5715 | D:7      | Found a runed translucent door.
  5715 | D:7      | Found a shimmering altar of Xom.
  5803 | D:7      | Noticed Pikel
  5809 | D:7      | Killed Pikel
  5810 | D:7      | Reached XP level 9. HP: 66/82 MP: 8/8
  5934 | D:7      | Reached * piety under the Shining One
  6165 | D:7      | Noticed Joseph
  6171 | D:7      | Killed Joseph
  7013 | D:8      | Reached skill level 10 in Fighting
  7180 | D:8      | Reached skill level 10 in Polearms
  7189 | D:8      | Reached XP level 10. HP: 81/94 MP: 9/9
  7260 | D:8      | Reached ** piety under the Shining One
  7538 | D:8      | Gained mutation: Your system is resistant to poisons.
                  | (rPois) [potion of mutation]
  7543 | D:8      | Lost mutation: Your system is resistant to poisons. (rPois)
                  | [potion of mutation]
  7543 | D:8      | Gained mutation: You are strong-willed. (Will+) [potion of
                  | mutation]
  7543 | D:8      | Gained mutation: Your spells are a little harder to cast,
                  | but a little more powerful. [potion of mutation]
  7543 | D:8      | Gained mutation: Your muscles are strong. (Str +4, Int/Dex
                  | -1) [potion of mutation]
  7944 | D:8      | Found a hide-covered altar of Uskayaw.
  7945 | D:8      | Found a broken altar of Ashenzari.
  8290 | D:9      | Killed from afar by an electric eel

Illustrated notes

Levels and vault maps discovered:
D:1:      dpeg_arrival_concentric_ovals, layout_basic
D:2:      layout_loops_cross
D:3:      minmay_wonky_spiral, layout_loops_ring, hangedman_decor_push
D:4:      layout_loops_ring, zin_scriptorium, gammafunk_ghost_arena,
          minmay_misc_feat_tower
D:5:      layout_layer_cave, overflow_temple_1_default,
          minmay_temple_entry_hall, serial_shops,
          nicolae_shop_bloodbath_and_beyond, minivault_4
D:6:      layout_gridville, nicolae_qazlal_general_emergency,
          chequers_temple_overflow_statue_of_worship, serial_shops, shop
D:7:      kennysheep_seaside_town, layout_loops_ring, ebering_ghost_xom,
          uniq_pikel, uniq_joseph
D:8:      layout_rooms, nicolae_overflow_hidden_temple
D:9:      layout_basic, yredelemnul_altar_generic,
          grunt_lair_entry_orc_guard_hut, minmay_misc_feat_nine_boxes,
          nicolae_lava_and_water, uniq_maurice, uniq_maggie
Temple:   cyrus_circular_temple

Skill      XL: |  1  2  3  4  5  6  7  8  9 10 |
---------------+-------------------------------+-----
Shields        | 4 5 6 7 8 |  8.7
Fighting       | 4 5 6 7 8 10 11 | 11.4
Polearms       | 3 4 5 6 8 10 11 | 11.1
Armour         | 4 5 6 8 |  8.6

Action                     |  1- 3 |  4- 6 |  7- 9 | 10-12 || total
---------------------------+-------+-------+-------+-------++-------
  Melee: Trident           |    87 |    75 |    72 |       ||   234
         Headbutt          |     6 |     9 |    39 |    18 ||    72
         Great sword       |       |       |   102 |    79 ||   181
    Use: Scroll            |     4 |     3 |     9 |     4 ||    20
         Potion            |       |       |     1 |     2 ||     3
 Armour: Chain mail        |    33 |    31 |       |       ||    64
         Plate armour      |       |     5 |   216 |   149 ||   370
  Dodge: Dodged            |    13 |    24 |    90 |    64 ||   191
  Block: Buckler           |    24 |    35 |    60 |       ||   119
         Reflection        |     2 |     2 |     3 |     1 ||     8
         Other             |       |       |    40 |    34 ||    74
